 Dungeon Crawl Stone Soup version 0.28.0-47-ge53b351184 (webtiles) character file.

Game seed: 3256389783808224015

135 bobregger the Skirmisher (level 5, -1/88 HPs)
             Began as an Ogre Berserker on Apr 30, 2022.
             Was a Believer of Trog.
             Slain by an orc
             ... wielding a +0 flail
              (5 damage)
             ... on level 2 of the Dungeon.
             The game lasted 00:03:22 (2719 turns).

bobregger the Skirmisher (Ogre Berserker)           Turns: 2719, Time: 00:03:23

Health: -1/88      AC: 22    Str: 21    XL:     5   Next: 18%
Magic:  5/5        EV:  1    Int:  8    God:    Trog [**....]
Gold:   61         SH:  0    Dex: 10    Spells: 4/4 levels left

rFire   . . .      SeeInvis .   a - +0 mace
rCold   . . .      Faith    .   (no shield)
rNeg    . . .      Spirit   .   (armour currently unavailable)
rPois   +          Reflect  .   (helmet currently unavailable)
rElec   .          Harm     .   (cloak currently unavailable)
rCorr   .          Rampage  .   (gloves unavailable)
Will    .....      NoTele   +   (boots unavailable)
Stlth   +.........              (no amulet)
HPRegen 0.24/turn               (no ring)
MPRegen 0.09/turn               (no ring)

@: tree-form, on berserk cooldown, attractive, slowed, very slow
A: stationary, stasis, torment immunity, boosted hp, large, unfitting armour,
(tough skin 1)
a: Renounce Religion, Berserk, Trog's Hand


You were on level 2 of the Dungeon.
You worshipped Trog.
Trog was pleased with you.
You were a tree.
You visited 1 branch of the dungeon, and saw 3 of its levels.

You collected 61 gold pieces.

Inventory:

Hand Weapons
 a - a +0 mace (weapon)
Missiles
 j - a throwing net (quivered)
Armour
 b - a +0 animal skin (melded)
Scrolls
 c - 2 scrolls of identify {unknown}
 f - 2 scrolls of magic mapping {unknown}
 h - a scroll of vulnerability {unknown}
 i - a scroll of enchant weapon {unknown}
Potions
 d - a potion of lignification
 e - 2 potions of magic


   Skills:
 * Level 5.7 Fighting
 + Level 3.3 Maces & Flails
 * Level 3.9 Dodging


You had 4 spell levels left.
You didn't know any spells.
Your spell library was empty.

Dungeon Overview and Level Annotations

Branches:
Dungeon (3/15)

Altars:
Qazlal


Innate Abilities, Weirdness & Mutations

You are a tree.
Your roots penetrate the ground, keeping you stationary.
You cannot be teleported.
You are immune to unholy pain and torment.
Your maximum health is greatly increased.
Your equipment is partially melded.
You are too large for most types of armour.
((You have tough skin. (AC +1)))


Message History

The orc hits you but does no damage. x3; The orc hits you with a +0 hand axe.
* * * LOW HITPOINT WARNING * * *
The orc hits you but does no damage.
Your magic is already full.
Really quaff the potion of lignification? [Y]es or [N]o only, please.
Really quaff the potion of lignification?
You are stuck in your current form!
Really quaff the potion of lignification?
You are stuck in your current form!
You barely miss the orc. The orc hits you but does no damage. x5
The orc hits you with a +0 flail.
* * * LOW HITPOINT WARNING * * *
You hit the orc. Your punch misses the orc.
The orc is lightly wounded.
You feel the effects of Trog's Hand fading.
The orc hits you but does no damage. x4; The orc hits you with a +0 hand axe.
* * * LOW HITPOINT WARNING * * *
The orc hits you but does no damage.
You barely miss the orc.
The orc is heavily wounded.
The orc hits you but does no damage. x5
You sock the orc!
You kill the orc!
Trog accepts your kill.
You can now call upon Trog for regeneration and willpower.
Your skin stops crawling.
You feel less strong-willed.
The orc hits you but does no damage. x2; The orc hits you with a +0 flail.
* * * LOW HITPOINT WARNING * * *
The orc hits you but does no damage.
You hit the orc.
The orc is moderately wounded.
The orc hits you but does no damage. x3; The orc hits you with a +0 hand axe.
* * * LOW HITPOINT WARNING * * *
You barely miss the orc.
The orc is moderately wounded.
The orc hits you but does no damage. The orc hits you with a +0 hand axe.
* * * LOW HITPOINT WARNING * * *
The orc hits you with a +0 flail.
You die...

#########
....[...############
#######...).......)#
#####......#># #.._...[)#
#### #....)o### ###..#
#....o♣# #...(# ###.#..#
##.##.# ##.#.#### #..##.#
##.......#
#.###.###.....#.##########
###.# #.#...#.##.[##.......#
.##.###.......##.###.......#
........####.....# #.......#
#..#..#.# #..######.......#


You could see 2 orcs.

Vanquished Creatures
  An orc priest (D:2)
  2 gnolls (D:1)
  An adder (D:2)
  3 worms (D:2)
  7 orcs (D:2)
  7 endoplasms
  3 giant cockroaches
  3 goblins (D:2)
  6 hobgoblins
  2 jackals (D:1)
  4 quokkas
  6 ball pythons (D:1)
  6 bats
  A frilled lizard (D:2)
  4 kobolds
  A rat (D:1)
57 creatures vanquished.

Notes
Turn   | Place    | Note
-------+----------+-------------------------------------------
     0 | D:1      | bobregger the Ogre Berserker began the quest for the Orb.
     0 | D:1      | Reached XP level 1. HP: 24/24 MP: 1/1
   315 | D:1      | Reached XP level 2. HP: 32/32 MP: 2/2
   726 | D:1      | Found a faded altar of an unknown god.
   741 | D:1      | Reached XP level 3. HP: 14/40 MP: 3/3
  1472 | D:1      | Reached skill level 5 in Fighting
  1671 | D:1      | Reached XP level 4. HP: 44/50 MP: 4/4
  2047 | D:2      | Found a stormy altar of Qazlal.
  2108 | D:2      | Reached ** piety under Trog
  2378 | D:2      | Reached XP level 5. HP: 33/58 MP: 5/5
  2701 | D:2      | HP: 4/87 [orc/+0 flail (4)]
  2709 | D:2      | HP: 3/88 [orc/+0 hand axe (4)]
  2714 | D:2      | HP: 4/88 [orc/+0 flail (4)]
  2719 | D:2      | HP: 4/88 [orc/+0 hand axe (1)]
  2719 | D:2      | Slain by an orc

Illustrated notes

Levels and vault maps discovered:
D:1:      dpeg_arrival_central, layout_loops_corners,
          hellmonk_ecumenical_altar_pennies_from_heaven
D:2:      layout_rooms, basic_altar, minmay_pentomino_r4
D:3:      cheibrodos_greedy_goblins, layout_basic,
          grunt_temple_overflow_opulence, mainiacjoe_overflow_paths

Skill      XL: |  1  2  3 |
---------------+----------+-----
Dodging        | 3 |  3.9
Maces & Flails | 3 |  3.3
Fighting       | 5 |  5.7

Action                   |  1- 3 |  4- 6 || total
-------------------------+-------+-------++-------
Melee: Mace              |   101 |    75 ||   176
Invok: Berserk           |     2 |     3 ||     5
       Trog's Hand       |       |     2 ||     2
  Use: Potion            |       |     3 ||     3
Armor: Animal skin       |    31 |    36 ||    67
       Skin              |       |    46 ||    46
Dodge: Dodged            |    77 |    74 ||   151
